 Dungeon Crawl Stone Soup version 0.28.0-43-g3370ac3207 (webtiles) character file.

Game seed: 15236163599908004228

5844 testman the Destroyer (level 10, 0/86 HPs)
             Began as a Red Draconian Conjurer on Mar 10, 2022.
             Was a Believer of Vehumet.
             Killed from afar by a manticore (9 damage)
             ... with a volley of spikes
             ... on level 9 of the Dungeon.
             The game lasted 00:43:16 (9866 turns).

testman the Destroyer (Red Draconian Conjurer)      Turns: 9866, Time: 00:43:17

Health: 0/86       AC:  7    Str:  7 (9)  XL:     10   Next: 51%
Magic:  1/30       EV: 11    Int: 22 (23) God:    Vehumet [**....]
Gold:   427        SH:  0    Dex:  7 (10) Spells: 12/23 levels left

rFire   + + .      SeeInvis .   B - staff of conjuration
rCold   . . .      Faith    .   (no shield)
rNeg    . . .      Spirit   .   (armour unavailable)
rPois   .          Reflect  .   (helmet restricted)
rElec   .          Harm     .   D - scarf {shadows}
rCorr   .          Rampage  .   (no gloves)
Will    .....                   (no boots)
Stlth   +.........              (no amulet)
HPRegen 0.24/turn               q - ring of protection from fire
MPRegen 0.22/turn               K - ring of magical power

@: short of breath, spiked, attractive
A: breathe fire, AC +7, unfitting armour, fire resistance 1, cold-blooded
a: Breathe Fire, Renounce Religion


You were on level 9 of the Dungeon.
You worshipped Vehumet.
Vehumet was pleased with you.
You visited 2 branches of the dungeon, and saw 10 of its levels.

You collected 427 gold pieces.

Inventory:

Hand Weapons
 e - a +0 dagger
 n - a +2 dagger of freezing
 v - a +0 hunting sling of freezing
 H - a +0 hunting sling
Missiles
 b - 317 stones
 d - 5 atropa-tipped darts
 m - 16 sling bullets
 s - 4 javelins
 t - 7 poisoned darts
 y - a throwing net
Armour
 D - a scarf of shadows (worn)
 M - a +0 cloak
Magical Staves
 B - a staff of conjuration (weapon)
Jewellery
 q - a ring of protection from fire (left hand)
 A - an amulet of guardian spirit
 K - a ring of magical power (right hand)
 N - a ring of protection from fire
 Q - a +6 ring of intelligence
Wands
 k - a wand of flame (41)
 o - a wand of paralysis (25)
 F - a wand of digging (4)
 O - a wand of acid (8)
Scrolls
 a - 4 scrolls of blinking
 c - 8 scrolls of identify {unknown}
 g - a scroll of noise {unknown}
 h - 2 scrolls of enchant armour {unknown}
 i - a scroll of torment {unknown}
 j - a scroll of amnesia {unknown}
 r - 2 scrolls of teleportation {unknown}
 w - a scroll of immolation {unknown}
 x - a scroll of vulnerability {unknown}
 C - a scroll of enchant weapon {unknown}
 E - 3 scrolls of magic mapping {unknown}
 G - a scroll of fear {unknown}
 I - a scroll of fog {unknown}
 J - a scroll of acquirement {unknown}
Potions
 f - 3 potions of degeneration
 l - a potion of attraction
 p - a potion of lignification {unknown}
 u - a potion of resistance {unknown}
 z - 3 potions of curing {unknown}
 L - 2 potions of might {unknown}
 P - a potion of ambrosia {unknown}


   Skills:
 + Level 7.3 Fighting
 + Level 4.3 Staves
 - Level 1.7 Dodging
 - Level 1.7 Stealth
 + Level 7.3 Spellcasting
 + Level 8.7 Conjurations
 + Level 6.7 Translocations
 + Level 4.3 Evocations


You had 12 spell levels left.
You knew the following spells:

 Your Spells              Type           Power      Damage    Failure   Level
a - Magic Dart            Conj           100%       1d8       1%          1
b - Searing Ray           Conj           100%       2d8       1%          2
c - Iskenderun's Mystic   Conj/Tloc      58%        2d12      3%          4
d - Passage of Golubria   Tloc           37%        N/A       4%          4

Your spell library contained the following spells:

 Spells                   Type           Power      Damage    Failure   Level
 Sandblast                Erth           16%        2d6       8%          1
 Dazzling Flash           Conj/Hex       82%        N/A       4%          3
 Animate Skeleton         Necr           16%        N/A       8%          1
 Freeze                   Ice            32%        1d5       8%          1
 Pain                     Necr           32%        1d5       8%          1
 Fulminant Prism          Conj/Hex       20%        3d13      13%         4
 Hailstorm                Conj/Ice       41%        3d10      13%         4
 Frozen Ramparts          Ice            16%        1d3       24%         3
 Ozocubu's Armour         Ice            8%         N/A       24%         3
 Tukima's Dance           Hex            8%         N/A       24%         3
 Vampiric Draining        Necr           8%         2d6       24%         3
 Cause Fear               Hex            4%         N/A       61%         4
 Yara's Violent Unravell  Hex/Tmut       4%         3d4       91%         5
 Dragon Form              Tmut           4%         N/A       100%        7
 Ozocubu's Refrigeration  Ice            4%         4d5       100%        7
 Dragon's Call            Summ           4%         N/A       100%        9


Dungeon Overview and Level Annotations

Branches:
Dungeon (9/15)             Temple (1/1) D:4
   Lair: D:8-11         Orc: D:9-12

Altars:
Ashenzari
Cheibriados
Dithmenos
Elyvilon
Fedhas
Gozag
Hepliaklqana
Kikubaaqudgha
Makhleb
Nemelex Xobeh
Okawaru
Qazlal
Ru
Sif Muna
Trog
Vehumet
Xom
Yredelemnul
Zin
The Shining One

Shops:
D:6 (

Annotations:
D:3 Sigmund


Innate Abilities, Weirdness & Mutations

You can breathe blasts of fire.
Your fiery red scales are hard. (AC +7)
You cannot fit into any form of body armour.
Your flesh is heat resistant. (rF+)
You are cold-blooded and may be slowed by cold attacks.


Message History

Aim: a manticore (moderately wounded, covered in acid, 84% to hit)
The puff of flame hits the manticore!
The manticore is heavily wounded.
The manticore flicks its tail.
The volley of spikes hits you!
The barbed spikes become lodged in your body.
Okay, then.
Blink to where?
Press: ? - help, Dir - move target, p - manticore
As you read the scroll labelled MUWACKOSAWK, it crumbles to dust.
It was a scroll of blinking.
You start resting.
A manticore is nearby!
Aiming: Magic Dart (safe; 1% risk of failure)
Press: ? - help, Q - select action, (/) - cycle Shift-Dir - straight line, f - manticore
Aim: a manticore (heavily wounded, covered in acid, 100% to hit)
You feel a surge of power!
The magic dart hits the manticore.
The manticore is severely wounded.
Aiming: Magic Dart (safe; 1% risk of failure)
Press: ? - help, Q - select action, (/) - cycle Shift-Dir - straight line, f/p - manticore
Aim: a manticore (heavily wounded, covered in acid, 100% to hit)
You feel a surge of power!
The magic dart hits the manticore.
The manticore is severely wounded.
The manticore flicks its tail.
The volley of spikes hits you!
The barbed spikes become lodged in your body.
* * * LOW HITPOINT WARNING * * *
It was a potion of degeneration.
There was something very wrong with that liquid.
You feel weakened.
You feel dopey.
You feel clumsy.
The manticore flicks its tail.
The volley of spikes hits you!
The barbed spikes become lodged in your body.
* * * LOW HITPOINT WARNING * * *
It was a potion of attraction.
You feel attractive to monsters.
The manticore flicks its tail.
The volley of spikes hits you!
The barbed spikes become lodged in your body.
You die...

#.......# #..# ..##.......####..#
..##.............# #... #..#
..##.............# #..#..# #..#
..##........##...# #..#..# #..#
..##........##..<# #..#..# #..#
..##........##...# #..#..# #..#
..##........##...# #..#..####..#
............##..@###..#........#
............##........#H.......#
..#.........##........#.(####..##
..#.........##..###..H.[.# #....
..#..####.......# #......# #....
..#..# #.......# #......# #....
..#..# #.......# #......# #....
..#..# #..###..# #......# #....
..#..# #..# #..# #......# #....


You could see a manticore (corroded).

Vanquished Creatures
  Gastronok (D:9)
  A two-headed ogre (D:5)
  Maurice (D:8)
  A hornet (D:7)
  Prince Ribbit (D:5)
  Eustachio (D:6)
  Menkaure (D:6)
  4 steam dragons
  Edmund (D:6)
  2 water moccasins
  An orc warrior (D:5)
  A black bear (D:4)
  2 ogres
  A centaur (D:7)
  A phantom (D:3)
  4 bullfrogs
  A scorpion (D:5)
  A water moccasin skeleton (D:5)
  6 killer bees (D:8)
  3 wights (D:8)
  A howler monkey (D:9)
  A centaur zombie (D:6)
  7 orc priests
  A bullfrog skeleton (D:6)
  5 hounds
  2 jellies
  A gnoll shaman (D:6)
  Jessica (D:2)
  A centaur skeleton (D:7)
  3 iguanas
  Terence (D:3)
  A scorpion zombie (D:5)
  4 orc wizards
  A killer bee zombie (D:5)
  A howler monkey zombie (D:7)
  6 adders
  6 gnolls
  2 white imps
  A dart slug (D:1)
  35 orcs
  2 ball pythons (D:1)
  6 bats
  5 endoplasms
  7 giant cockroaches
  2 goblins
  8 hobgoblins
  11 jackals
  8 kobolds
  4 quokkas
  3 frilled lizards
  4 rats
176 creatures vanquished.

Vanquished Creatures (others)
  3 fungi (D:3)
  4 plants (D:3)
7 creatures vanquished.

Grand Total: 183 creatures vanquished

Notes
Turn   | Place    | Note
-------+----------+-------------------------------------------
     0 | D:1      | testman the Draconian Conjurer began the quest for the Orb.
     0 | D:1      | Reached XP level 1. HP: 14/14 MP: 3/3
   243 | D:1      | Reached XP level 2. HP: 20/20 MP: 3/5
   274 | D:1      | Learned a level 2 spell: Searing Ray
  1320 | D:2      | Reached XP level 3. HP: 26/26 MP: 2/7
  2140 | D:2      | Noticed Jessica
  2143 | D:2      | Killed Jessica
  2144 | D:2      | Reached XP level 4. HP: 33/33 MP: 3/8
  2146 | D:2      | Reached skill level 5 in Conjurations
  2747 | D:3      | Reached XP level 5. HP: 33/38 MP: 10/10
  2752 | D:3      | Learned a level 4 spell: Iskenderun's Mystic Blast
  2956 | D:3      | Noticed Sigmund
  3048 | D:3      | Noticed Terence
  3056 | D:3      | Killed Terence
  3533 | D:3      | Found a faded altar of an unknown god.
  3624 | D:4      | Found a staircase to the Ecumenical Temple.
  3635 | Temple   | Entered the Ecumenical Temple
  3678 | Temple   | Became a worshipper of Vehumet
  3874 | D:4      | Reached skill level 1 in Fighting
  3874 | D:4      | Reached skill level 1 in Translocations
  4069 | D:4      | Reached XP level 6. HP: 48/48 MP: 8/12
  4999 | D:4      | Your scales start taking on a fiery red colour.
  4999 | D:4      | Reached XP level 7. HP: 45/56 MP: 8/13
  4999 | D:4      | Gained mutation: Your flesh is heat resistant. (rF+) [Red
                  | Draconian growth]
  5071 | D:5      | Entered Level 5 of the Dungeon
  5073 | D:5      | Reached skill level 6 in Conjurations
  5150 | D:5      | Noticed Prince Ribbit
  5158 | D:5      | Killed Prince Ribbit
  5347 | D:5      | Reached * piety under Vehumet
  5347 | D:5      | Offered knowledge of Freeze by Vehumet.
  5462 | D:5      | Noticed a two-headed ogre
  5473 | D:5      | Killed a two-headed ogre
  5474 | D:5      | Reached skill level 5 in Spellcasting
  5474 | D:5      | Reached skill level 7 in Conjurations
  5474 | D:5      | Reached XP level 8. HP: 40/67 MP: 0/16
  5677 | D:5      | Reached skill level 5 in Fighting
  6377 | D:5      | Reached skill level 1 in Staves
  6377 | D:5      | Reached skill level 5 in Translocations
  6377 | D:5      | Reached skill level 1 in Evocations
  6377 | D:5      | Reached XP level 9. HP: 51/74 MP: 6/18
  6485 | D:6      | Noticed Edmund
  6521 | D:6      | Paralysed by Edmund for 2 turns
  6528 | D:6      | Paralysed by Edmund for 6 turns
  6534 | D:6      | Killed Edmund
  6965 | D:6      | Noticed Eustachio
  7056 | D:6      | Killed Eustachio
  7365 | D:6      | Found Opsayx's Antique Weapon Shop.
  7501 | D:6      | Noticed Menkaure
  7503 | D:6      | Killed Menkaure
  7738 | D:7      | Paralysed by a hornet for 1 turns
  7832 | D:7      | Reached skill level 8 in Conjurations
  8066 | D:7      | Offered knowledge of Sandblast by Vehumet.
  8520 | D:7      | Found a blossoming altar of Fedhas.
  8525 | D:7      | Found a shimmering blue altar of Sif Muna.
  8531 | D:7      | Found an iron altar of Okawaru.
  8691 | D:8      | Reached ** piety under Vehumet
  8855 | D:8      | Reached XP level 10. HP: 71/82 MP: 20/20
  8864 | D:8      | Noticed Maurice
  9015 | D:8      | Killed Maurice
  9250 | D:8      | Learned a level 4 spell: Passage of Golubria
  9519 | D:8      | Found a sacrificial altar of Ru.
  9810 | D:9      | Noticed Gastronok
  9852 | D:9      | Noticed a manticore
  9856 | D:9      | Killed Gastronok
  9866 | D:9      | Killed from afar by a manticore

Illustrated notes

Levels and vault maps discovered:
D:1:      minmay_arrival_cross, layout_basic
D:2:      layout_rooms, serial_rivers, chequers_serial_rivers_micro_e,
          chequers_serial_rivers_room_b, chequers_serial_rivers_room_b,
          chequers_serial_rivers_micro_e, minmay_misc_feat_encased,
          kennysheep_jessica_study
D:3:      layout_basic, dreamdust_ecumenical_altar_hidden_monk_grotto,
          uniq_sigmund, uniq_terence
D:4:      cheibrodos_pilgrimage, layout_loops_ring,
          minmay_temple_entry_drinking_statues, serial_glass, glass_columns_a,
          glass_columns_c
D:5:      layout_loops_ring, uniq_prince_ribbit1
D:6:      layout_rooms, serial_shops, nicolae_lakefront_shop, hex_large,
          uniq_edmund, uniq_eustachio, uniq_menkaure
D:7:      layout_basic, minmay_overflow_temple_star_quad
D:8:      layout_basic, nicolae_ru_path_of_blood, uniq_maurice
D:9:      layout_long_grid, gammafunk_temple_overflow_pools, uniq_gastronok
Temple:   nicolae_temple_elliptical

Skill      XL: |  1  2  3  4  5  6  7  8  9 10 |
---------------+-------------------------------+-----
Spellcasting   | 3 4 5 6 7 |  7.3
Conjurations   | 5 7 8 |  8.7
Fighting       | 1 2 4 5 6 7 |  7.3
Translocations | 1 2 4 5 6 |  6.7
Staves         | 1 3 4 |  4.3
Evocations     | 1 3 4 |  4.3
Dodging        | |  1.7
Stealth        | |  1.7

Action                   |  1- 3 |  4- 6 |  7- 9 | 10-12 || total
-------------------------+-------+-------+-------+-------++-------
Melee: Dagger            |    20 |    25 |    11 |       ||    56
       Tailslap          |       |     3 |     3 |     1 ||     7
       Staff             |       |       |     6 |     4 ||    10
       Punch             |       |       |     1 |     1 ||     2
Throw: Stone             |       |     1 |       |       ||     1
       Dart              |       |       |     2 |       ||     2
 Cast: Magic Dart        |    48 |    56 |    43 |    14 ||   161
       Searing Ray       |    10 |    23 |    34 |    14 ||    81
       Iskenderun's Myst |       |       |    15 |     9 ||    24
 Abil: Breathe Fire      |       |       |    35 |     8 ||    43
Evoke: Wand              |       |       |       |     3 ||     3
  Use: Potion            |       |       |       |     2 ||     2
       Scroll            |       |       |       |     1 ||     1
 Stab: Sleeping          |       |     3 |       |       ||     3
Armor: Skin              |     6 |    16 |    16 |     4 ||    42
Dodge: Dodged            |    14 |    21 |    51 |     9 ||    95
